 Dungeon Crawl Stone Soup version 0.32-a0-931-g5a2cda0630 (webtiles) character file.

Game seed: 7258062325397724626

5555 Killmatronix the Basher (level 10, -10/88 HPs)
             Began as a Troll Monk on Apr 13, 2024.
             Was an Elder of Zin.
             Mangled by a yak (13 damage)
             ... on level 7 of the Dungeon.
             The game lasted 00:30:39 (8206 turns).

Killmatronix the Basher (Troll Monk)                Turns: 8206, Time: 00:30:40

Health: -10/88     AC:  7    Str: 22    XL:     10   Next: 44%
Magic:  9/11       EV: 16    Int:  7    God:    Zin [****..]
Gold:   721        SH: 10    Dex: 17    Spells: 9/9 levels left

rFire   . . .        a - +1 morningstar
rCold   . . .        k - +0 kite shield
rNeg    . . .        y - +0 steam dragon scales
rPois   ∞            (helmet restricted)
rElec   .            (no cloak)
rCorr   .            (gloves unavailable)
SInv    +            (boots unavailable)
Will    .....        (no amulet)
Stlth   ++           m - ring of see invisible
HPRegen 1.14/turn    q - +5 ring of evasion
MPRegen 0.12/turn

%: no passive effects
@: vitalised
A: large, unfitting armour, claws 3, regeneration 1, shaggy fur 1, tough skin 1
a: Renounce Religion, Recite, Vitalisation, Imprison, Donate Gold


You were on level 7 of the Dungeon.
You worshipped Zin.
Zin was greatly pleased with you.
You visited 2 branches of the dungeon, and saw 9 of its levels.

You collected 928 gold pieces.
You spent 115 gold pieces at shops.
You donated 92 gold pieces to Zin.

Inventory:

Hand Weapons
 a - a +1 morningstar (weapon)
 d - a +2 whip of venom
Missiles
 w - a throwing net (quivered)
Armour
 k - a +0 kite shield (worn)
 s - a +2 robe of willpower
 y - +0 steam dragon scales (worn)
Jewellery
 i - a ring of fire
 l - a ring of protection from cold
 m - a ring of see invisible (left claw)
 p - a ring of flight
 q - a +5 ring of evasion (right claw)
Scrolls
 b - a scroll of enchant armour
 e - a scroll of revelation
 f - a scroll of identify
 j - 2 scrolls of teleportation
 v - 2 scrolls of fear
Potions
 c - a potion of ambrosia
 g - 3 potions of mutation
 h - 3 potions of invisibility
 x - a potion of might


   Skills:
 - Level 2.4 Fighting
 * Level 10.5 Maces & Flails
 + Level 7.0 Dodging
 + Level 6.2 Shields
 + Level 3.2 Invocations


You had 9 spell levels left.
You didn't know any spells.
Your spell library contained the following spells:

 Spells                   Type           Power      Damage    Failure   Level
 Apportation              Tloc           0%         N/A       67%         1
 Jinxbite                 Hex            0%         N/A       82%         2
 Dazzling Flash           Conj/Hex       0%         N/A       96%         3
 Maxwell's Portable Pile  Tloc           0%         2d(5-13)  96%         3
 Mephitic Cloud           Conj/Alch/Air  0%         N/A       96%         3
 Alistair's Intoxication  Alch           0%         N/A       100%        5
 Arcjolt                  Conj/Air       0%         1d10      100%        5
 Curse of Agony           Necr           0%         N/A       100%        5
 Silence                  Hex/Air        0%         N/A       100%        5
 Starburst                Conj/Fire      0%         6d3       100%        6
 Maxwell's Capacitive Co  Air            0%         ∞         100%        8


Dungeon Overview and Level Annotations

Branches:
Dungeon (8/15)             Temple (1/1) D:7
   Lair: D:8-11

Altars:
Ashenzari
Dithmenos
Elyvilon
Fedhas
Gozag
Hepliaklqana
Kikubaaqudgha
Makhleb
Nemelex Xobeh
Qazlal
Ru
Sif Muna
Trog
Uskayaw
Vehumet
Wu Jian
Yredelemnul
Zin

Shops:
D:2 =   D:7 ?

Annotations:
D:5 2 runed translucent doors, Picsou's ghost, novice MiBe
D:7 Joseph; Maggie
D:8 disto battleaxe wight


Innate Abilities, Weirdness & Mutations

You are too large for most types of armour.
You have claws for hands.
Your natural rate of healing is unusually fast.
You are covered in fur. (AC +1)
You have tough skin. (AC +1)


Message History

* * * LOW HITPOINT WARNING * * *
The yak attacks as it pursues you! You block the yak's attack.
There is an escape hatch in the ceiling here.
A mysterious force pulls you upwards. The hatch slams shut behind you.
Level annotation: Joseph; Maggie You are too injured to fight recklessly!
You are too injured to fight recklessly!
You hit the yak but do no damage.
The yak is heavily wounded.
The yak barely misses you.
You hit the yak.
The yak is severely wounded.
The yak gores you.
* * * LOW HITPOINT WARNING * * *
You hit the yak but do no damage.
The yak is severely wounded.
You block the yak's attack.
You barely miss the yak.
The yak is severely wounded.
You block the yak's attack.
You hit the yak.
The yak is severely wounded.
You block the yak's attack. x2
You hit the yak.
The yak is severely wounded.
The yak gores you!
* * * LOW HITPOINT WARNING * * *
You barely miss the yak.
The yak is severely wounded.
The yak gores you.
* * * LOW HITPOINT WARNING * * *
You hit the yak but do no damage.
The yak is severely wounded.
The yak gores you!
* * * LOW HITPOINT WARNING * * *
The yak gores you!
* * * LOW HITPOINT WARNING * * *
Zin grants you divine stamina. The yak gores you!
You die...

###########
#....÷....#
#.###.#.#.# # #@#
##.#.## # ##Y#
#.###.# # ##..#
##.#.## # #[.##
#.#.#.# #### #
#.## ##.#.## #..#
##############.#
#.###.# ##.#
........!......#
##.#.## #.#
######.#######.###
#.#.#.# ##.##
.#........####...#
##.#.## #...#


You could see a yak.

Vanquished Creatures
  A deep elf pyromancer (D:7)
  A manticore (D:7)
  An unseen horror (D:6)
  An unseen horror zombie (D:8)
  A troll (D:6)
  Grinder (D:6)
  Sigmund (D:3)
  A wraith (D:7)
  3 yaks (D:8)
  A steam dragon (D:7)
  A water moccasin (D:6)
  Duvessa (D:4)
  An orc warrior (D:8)
  A black bear (D:4)
  2 sky beasts (D:7)
  2 ogres
  4 centaurs
  5 bullfrogs
  A gnoll sergeant (D:8)
  A wyvern zombie (D:8)
  2 scorpions (D:5)
  5 wights
  Dowan (D:4)
  2 electric eels (D:8)
  2 howler monkeys (D:6)
  A bombardier beetle (D:4)
  3 centaur zombies (D:8)
  6 hounds
  A jelly (D:6)
  3 orc priests
  3 iguanas
  Terence (D:2)
  A sleepcap (D:6)
  3 orc wizards (D:8)
  Natasha (thrice) (D:2)
  A killer bee zombie (D:8)
  3 gnolls (D:8)
  12 adders
  A shadow imp (D:8)
  3 white imps
  3 ufetubi (D:6)
  3 dart slugs
  5 ribbon worms
  21 orcs
  9 endoplasms
  5 giant cockroaches
  8 goblins
  A hobgoblin (D:3)
  12 jackals
  8 ball pythons
  8 bats
  7 frilled lizards
  6 kobolds
  5 rats (D:1)
189 creatures vanquished.

Vanquished Creatures (collateral kills)
  A centaur zombie (D:8)
1 creature vanquished.

Vanquished Creatures (others)
  A troll (D:7)
1 creature vanquished.

Grand Total: 191 creatures vanquished

Notes
Turn   | Place    | Note
-------+----------+-------------------------------------------
     0 | D:1      | Killmatronix the Troll Monk began the quest for the Orb.
     0 | D:1      | Reached XP level 1. HP: 22/22 MP: 0/0
    58 | D:1      | Reached skill level 3 in Maces & Flails
    66 | D:1      | Reached XP level 2. HP: 29/29 MP: 1/1
   386 | D:1      | Reached XP level 3. HP: 34/36 MP: 2/2
   499 | D:2      | Found Lyquc's Jewellery Shoppe.
   525 | D:2      | Noticed Terence
   673 | D:2      | Noticed Natasha
   687 | D:2      | Killed Natasha
   729 | D:2      | Identified the +9 whip "Beastbane" {vamp, Dex+3 SInv}
   798 | D:2      | Reached XP level 4. HP: 40/44 MP: 3/3
   874 | D:2      | Reached skill level 4 in Maces & Flails
   884 | D:2      | Noticed Natasha
   896 | D:2      | Killed Natasha
  1136 | D:2      | Killed Terence
  1137 | D:2      | Reached XP level 5. HP: 47/50 MP: 4/4
  1384 | D:2      | Noticed Natasha
  1388 | D:2      | Killed Natasha
  1661 | D:3      | Reached skill level 5 in Maces & Flails
  1928 | D:3      | Reached XP level 6. HP: 59/59 MP: 5/5
  2030 | D:3      | Found a hazy altar of Hepliaklqana.
  2031 | D:3      | Found a faded altar of an unknown god.
  2118 | D:3      | Noticed Sigmund
  2169 | D:3      | Killed Sigmund
  2170 | D:3      | Reached skill level 1 in Shields
  2362 | D:4      | Reached skill level 6 in Maces & Flails
  2362 | D:4      | Reached XP level 7. HP: 66/66 MP: 6/6
  2365 | D:4      | Noticed Duvessa
  2366 | D:4      | Noticed Dowan
  2396 | D:4      | Killed Duvessa
  2401 | D:4      | Killed Dowan
  2749 | D:4      | Identified the +7 sling "Cuull" {heavy, ^Contam rElec rCorr
                  | Str-5}
  3091 | D:4      | Found a broken altar of Ashenzari.
  3303 | D:5      | Entered Level 5 of the Dungeon
  3726 | D:5      | Found a large runed translucent door.
  3726 | D:5      | Found a large runed translucent door.
  3730 | D:5      | Noticed Picsou's ghost (novice MiBe)
  3756 | D:5      | Reached skill level 7 in Maces & Flails
  3756 | D:5      | Reached XP level 8. HP: 67/74 MP: 7/7
  4226 | D:6      | Reached skill level 5 in Dodging
  4292 | D:6      | Noticed Grinder
  4313 | D:6      | Killed Grinder
  4381 | D:6      | Reached skill level 8 in Maces & Flails
  4920 | D:7      | Noticed a manticore
  4949 | D:7      | Killed a manticore
  4950 | D:7      | Reached XP level 9. HP: 48/80 MP: 8/8
  5132 | D:7      | Noticed Maggie
  5176 | D:7      | Reached skill level 9 in Maces & Flails
  5284 | D:7      | Reached skill level 5 in Shields
  5317 | D:7      | Noticed Joseph
  5326 | D:7      | Found a staircase to the Ecumenical Temple.
  5337 | Temple   | Entered the Ecumenical Temple
  5363 | Temple   | Became a worshipper of Zin the Law-Giver
  5363 | Temple   | Reached * piety under Zin
  5363 | Temple   | Reached ** piety under Zin
  5363 | Temple   | Reached *** piety under Zin
  5412 | D:7      | Found Meilah's Magic Scroll Shop.
  5421 | D:7      | Bought a scroll of fear for 40 gold pieces
  5421 | D:7      | Bought a scroll of enchant armour for 75 gold pieces
  5481 | D:7      | Reached **** piety under Zin
  5718 | D:7      | Noticed a deep elf pyromancer
  5719 | D:7      | Noticed an unseen horror
  5719 | D:7      | Noticed a troll
  5722 | D:7      | Noticed a troll
  5726 | D:7      | Killed a troll
  5761 | D:6      | Killed an unseen horror
  5785 | D:6      | HP: 4/80 [troll (14)]
  5786 | D:6      | Zin protects you from harm!
  5788 | D:6      | Killed a troll
  5789 | D:6      | Reached skill level 1 in Invocations
  6098 | D:7      | Killed a deep elf pyromancer
  6364 | D:8      | Reached XP level 10. HP: 47/88 MP: 8/10
  6467 | D:8      | Reached skill level 10 in Maces & Flails
  6575 | D:8      | Found an opulent altar of Gozag.
  6578 | D:8      | Found a white marble altar of Elyvilon.
  7414 | D:8      | Found an opulent altar of Gozag.
  7417 | D:8      | Found a white marble altar of Elyvilon.
  8204 | D:7      | HP: 1/88 [yak (11)]
  8206 | D:7      | Mangled by a yak

Illustrated notes

Levels and vault maps discovered:
D:1:      dpeg_arrival_lava_temple_mockup, layout_rooms
D:2:      minmay_angry_zag, layout_basic, serial_shops, shop, amethyst_killhole,
          uniq_terence, uniq_natasha
D:3:      layout_rooms, beargit_hepliaklqana_dungeon_heroes, minmay_vboxes,
          uniq_sigmund
D:4:      layout_basic, nicolae_ashenzari_skybound, uniq_duvessa
D:5:      layout_loops_corners, ebering_ghost_disaster_area
D:6:      minmay_polygon_palace, layout_cave_pools, uniq_grinder
D:7:      minmay_blocky_corners, layout_loops_ring, temple_green, serial_shops,
          shop, minmay_misc_feat_square, roderic_roman_lattice, uniq_joseph,
          uniq_maggie
D:8:      layout_loops_corners, nicolae_overflow_squiral, serial_undead,
          serial_undead_b, serial_undead_a, serial_undead_b, serial_undead_e
Temple:   compressed_dpeg_circular_temple

Skill      XL: |  1  2  3  4  5  6  7  8  9 10 |
---------------+-------------------------------+-----
Maces & Flails | 3 4 5 6 7 8 9 10 | 10.5
Dodging        | 3 4 5 6 7 |  7.0
Shields        | 1 3 4 5 6 |  6.2
Invocations    | 2 3 |  3.2
Fighting       | |  2.4

Action                     |  1- 3 |  4- 6 |  7- 9 | 10-12 || total
---------------------------+-------+-------+-------+-------++-------
  Melee: Mace              |    80 |       |       |       ||    80
         Whip              |     9 |   128 |   217 |       ||   354
         Morningstar       |       |       |    72 |   148 ||   220
 Invoke: Recite            |       |       |     2 |     4 ||     6
         Vitalisation      |       |       |     1 |     1 ||     2
    Use: Scroll            |       |       |    14 |       ||    14
   Stab: Sleeping          |       |     1 |     3 |       ||     4
         Confused          |       |       |     1 |       ||     1
         Invisible         |       |       |       |     1 ||     1
 Armour: Robe              |   100 |    65 |    99 |       ||   264
         Steam dragon scal |       |       |    40 |    93 ||   133
  Dodge: Dodged            |    59 |    46 |   166 |   112 ||   383
  Block: Kite shield       |       |     7 |   150 |   123 ||   280

Table legend: (Time is in decaauts)
 A = Elapsed time spent in this place.
 B = Non-inter-level travel time spent in this place.
 C = Inter-level travel time spent in this place.
 D = Time resting spent in this place.
 E = Time spent auto-exploring this place.
 F = Levels seen in this place.
 G = Mean time per level.
                   A        B        C        D        E       F      G
               +--------+--------+--------+--------+--------+-----+--------+
         Total |   8218 |   7698 |    520 |    243 |   5671 |   9 |  913.1 |
       Dungeon |   8165 |   7695 |    470 |    243 |   5671 |   8 | 1020.6 |
        Temple |     52 |      2 |     50 |      0 |      0 |   1 |   52.0 |
               +--------+--------+--------+--------+--------+-----+--------+

Top non-repeatable levels by time:
     D:8: 1826 daAuts
     D:7: 1377 daAuts
     D:4: 1047 daAuts
     D:2: 1008 daAuts
     D:5: 891 daAuts
     D:6: 740 daAuts
     D:1: 641 daAuts
     D:3: 632 daAuts
  Temple: 52 daAuts
